 Dungeon Crawl Stone Soup version 0.18.1-6-gd335043 (webtiles) character file.

46 zeroDi the Sneak (level 3, -3/18 HPs)
             Began as a Vine Stalker Assassin on May 20, 2016.
             Slain by a gnoll
             ... wielding a +0 flail
              (13 damage)
             ... on level 3 of the Dungeon.
             The game lasted 00:01:56 (1115 turns).

zeroDi the Sneak (Vine Stalker Assassin)            Turns: 1115, Time: 00:01:58

Health: -3/18      AC:  3    Str: 13    XL:     3   Next: 68%
Magic:  0/4        EV: 11    Int: 11    God:
Gold:   113        SH:  0    Dex: 16    Spells: 0 memorised, 2 levels left

rFire  . . .     SeeInvis .     a - +2 dagger
rCold  . . .     Gourm    .     c - +0 robe
rNeg   . . .     Faith    .     (no shield)
rPois  .         Spirit   +     (no helmet)
rElec  .         Dismiss  .     d - +0 cloak
rCorr  .         Reflect  .     (no gloves)
SustAt .         Harm     .     (no boots)
MR     .....                    (no amulet)
Stlth  +++.......               (no ring)
                                (no ring)

@: not resistant to hostile enchantments, fairly stealthy
A: fangs 2, regeneration 1, magic shield, antimagic bite, no device heal 3, rot
immunity
a: no special abilities


You were on level 3 of the Dungeon.
You were hungry.

You visited 1 branch of the dungeon, and saw 3 of its levels.

You collected 113 gold pieces.


Innate Abilities, Weirdness & Mutations

You have extremely sharp teeth.
Your natural rate of healing is unusually fast.
When hurt, damage is shared between your health and your magic reserves.
Your bite disrupts and absorbs the magic of your enemies.
Potions and wands cannot restore your health.
You are immune to rotting.


   Skills:
 - Level 1.7 Fighting
 + Level 3.5 Short Blades
 - Level 1.7 Throwing
 - Level 0.7 Dodging
 - Level 4.8 Stealth


You had 2 spell levels left.
You didn't know any spells.

Inventory:

Hand Weapons
 a - a +2 dagger (weapon)
 b - a +0 blowgun
Missiles
 e - 8 poisoned needles
 f - 2 curare-tipped needles {=f}
Armour
 c - a +0 robe (worn)
 d - a +0 cloak (worn)
Scrolls
 k - a scroll of noise {unknown}
 l - 2 scrolls of amnesia {unknown}
 n - a scroll of remove curse {unknown}
 o - a scroll of immolation {unknown}
 p - 3 scrolls of identify {unknown}
 q - a scroll of fear {unknown}
 r - a scroll of enchant weapon {unknown}
 s - a scroll of magic mapping {unknown}
 v - a scroll of recharging {unknown}
Potions
 h - a potion of flight {unknown}
 i - a potion of lignification {unknown}
 j - a potion of agility {unknown}
 m - a potion of might {unknown}
Comestibles
 g - 2 bread rations
 t - 4 fruits
 u - a meat ration

Dungeon Overview and Level Annotations

Branches:
Dungeon (3/15)

Altars:

#..###...#
#......# ###...#
## #.†...#####
...###.###.....##
....g..#
#...#..## #
...#####
###.....##.####
.. ###.#<.......
. #.g@#.#.###
###g....#
.........
#########.


You could see 2 gnolls.


Message History

You start resting.
Magic restored.
You start resting.
HP restored.
You climb downwards.
The gnoll closely misses you.
The gnoll hits you from afar with a spear!
There is a stone staircase leading up here.
The gnoll hits you with a spear.
You closely miss the gnoll. You bite the gnoll. You drain its power.
You feel invigorated.
The gnoll is moderately wounded.
The gnoll hits you with a spear. The gnoll barely misses you.
You hit the gnoll.
The gnoll is moderately wounded.
The gnoll closely misses you.
You hit the gnoll. You bite the gnoll, but do no damage.
The gnoll is heavily wounded.
The gnoll hits you with a flail!
Ouch! That really hurt!
You die...

Action                   || total
-------------------------++-------
Melee: Dagger            ||    72
       Bite              ||    21
 Stab: Sleeping          ||     6
Armor: Robe              ||    16
Dodge: Dodged            ||    32

Vault maps used:
D:1:      lemuel_arrival_broad_hall
D:3:      nicolae_gozag_zags_fifth_avenue, first_bread

Notes
Turn   | Place    | Note
--------------------------------------------------------------
     0 | D:1      | zeroDi the Vine Stalker Assassin began the quest for the Orb.
     0 | D:1      | Reached XP level 1. HP: 11/11 MP: 2/2
    66 | D:1      | Reached skill level 2 in Short Blades
   154 | D:1      | Reached XP level 2. HP: 3/15 MP: 0/3
   525 | D:2      | Reached skill level 3 in Short Blades
   525 | D:2      | Reached XP level 3. HP: 6/18 MP: 1/4
  1047 | D:3      | HP: 1/18 [gnoll/spear (9)]
  1115 | D:3      | Slain by a gnoll

Vanquished Creatures
  An adder (D:2)
  3 oozes
  A ball python (D:1)
  3 goblins
  7 hobgoblins
  3 bats
  2 giant newts (D:2)
  2 kobolds
  4 rats
26 creatures vanquished.
